EL
NEW HAMPSHIRE FISHER CATS @ MIDLAND ROCKHOUNDS
05/31/2045
 
TOP OF THE 1ST
New Hampshire Fisher Cats batting - Pitching for Midland RockHounds : RHP Juan Hurtado
Pitching: RHP Juan Hurtado
Batting: LHB Sumiki Okuhara 0-0: Foul Ball, location: 2F
0-1: Ball
1-1: Ball
2-1: Ball
3-1: Base on Balls
Batting: RHB Cyril Husson 0-0: Called Strike
0-1: Ball
1-1: Foul Ball, location: 2F
1-2: Strikes out swinging
Batting: LHB Yoshinari Nara 0-0: Ball
1-0: Foul Ball, location: 2F
1-1: Swinging Strike
1-2: Strikes out swinging
Batting: RHB Jordan Fairburn 0-0: Ball
1-0: Called Strike
1-1: Foul Ball, location: 2F
1-2: Foul Ball, location: 2F
1-2: Foul Ball, location: 2F
1-2: Ground out 4-3 (Groundball, 4S, EV 85.0 MPH)
Top of the 1st over - 0 runs, 0 hits, 0 errors, 1 left on base; New Hampshire 0 - Midland 0
BOTTOM OF THE 1ST
Midland RockHounds batting - Pitching for New Hampshire Fisher Cats : RHP Omar Torres
Pitching: RHP Omar Torres
Batting: SHB Brace Harper 0-0: Called Strike
0-1: Called Strike
0-2: Hit by Pitch
Batting: RHB Miguel Trevino 0-0: Swinging Strike
0-1: Ball
Brace Harper steals 2nd base
1-1: Foul Ball, location: 2F
1-2: Ball
2-2: Strikes out looking
Batting: RHB Alan Oxenrider 0-0: Ball
1-0: Ball
2-0: Fly out, F3 (Flyball, 3D, EV 84.4 MPH)
Batting: LHB Mike Garland 0-0: Called Strike
0-1: Swinging Strike
0-2: Foul Ball, location: 2F
0-2: Foul Ball, location: 2F
0-2: Ball
1-2: Ball
2-2: Ground out 6-3 (Groundball, 6, EV 83.1 MPH)
Bottom of the 1st over - 0 runs, 0 hits, 0 errors, 1 left on base; New Hampshire 0 - Midland 0
TOP OF THE 2ND
New Hampshire Fisher Cats batting - Pitching for Midland RockHounds : RHP Juan Hurtado
Batting: RHB Carlos Ramirez 0-0: Foul Ball, location: 2F
0-1: Called Strike
0-2: DOUBLE (Line Drive, 8LXD, EV 100.0 MPH)
Batting: RHB Finn Ross 0-0: Ball
1-0: Called Strike
1-1: Ball
2-1: Swinging Strike
2-2: Ball
Wild Pitch!
Carlos Ramirez to third
3-2: Fly out, F9 (Flyball, 9, EV 87.5 MPH)
Runner from 3rd tags up, SCORES, throw by RF
Batting: RHB Darren McCarty Jr. 0-0: Ball
1-0: Ball
2-0: Ball
3-0: Base on Balls
Batting: SHB Tristan Dearing 0-0: Ball
1-0: Ball
2-0: Swinging Strike
2-1: Ball
3-1: Base on Balls
Darren McCarty Jr. to second
Batting: LHB Eddie Muniz 0-0: Ball
1-0: Swinging Strike
1-1: Foul Ball, location: 2F
1-2: Foul Ball, location: 2F
1-2: Strikes out looking
Batting: LHB Sumiki Okuhara 0-0: Swinging Strike
0-1: Called Strike
0-2: Ball
1-2: Foul Ball, location: 2F
1-2: Ball
2-2: Ball
3-2: Base on Balls
Darren McCarty Jr. to third
Tristan Dearing to second
Batting: RHB Cyril Husson 0-0: Called Strike
0-1: Fielders Choice at 2nd, 5-4 (Groundball, 56, EV 80.6 MPH)
Top of the 2nd over - 1 run, 1 hit, 0 errors, 3 left on base; New Hampshire 1 - Midland 0
BOTTOM OF THE 2ND
Midland RockHounds batting - Pitching for New Hampshire Fisher Cats : RHP Omar Torres
Batting: RHB Dusty Thompson 0-0: Ball
1-0: Ball
2-0: Fly out, F8 (Flyball, 78S, EV 80.0 MPH)
Batting: LHB John Shults 0-0: Swinging Strike
0-1: DOUBLE (Line Drive, 89D, EV 106.9 MPH)
Batting: RHB Dave Glenn 0-0: Foul Ball, location: 2F
0-1: Foul Ball, location: 2F
0-2: Ground out 4-3 (Groundball, 34D, EV 80.6 MPH)
John Shults to third
Batting: SHB Todd Hewitt 0-0: Called Strike
0-1: Ground out 6-3 (Groundball, 6S, EV 84.4 MPH)
Bottom of the 2nd over - 0 runs, 1 hit, 0 errors, 1 left on base; New Hampshire 1 - Midland 0
TOP OF THE 3RD
New Hampshire Fisher Cats batting - Pitching for Midland RockHounds : RHP Juan Hurtado
Batting: LHB Yoshinari Nara 0-0: Ball
1-0: Foul Ball, location: 2F
1-1: Foul Ball, location: 2F
1-2: Foul Ball, location: 2F
1-2: Ball
2-2: Strikes out looking
Batting: RHB Jordan Fairburn 0-0: Foul Ball, location: 2F
0-1: Ball
1-1: Swinging Strike
1-2: Ball
2-2: Strikes out swinging
Batting: RHB Carlos Ramirez 0-0: Foul Ball, location: 2F
0-1: Ball
1-1: Foul Ball, location: 2F
1-2: Foul Ball, location: 2F
1-2: Ground out 6-3 (Groundball, 6M, EV 86.9 MPH)
Top of the 3rd over - 0 runs, 0 hits, 0 errors, 0 left on base; New Hampshire 1 - Midland 0
BOTTOM OF THE 3RD
Midland RockHounds batting - Pitching for New Hampshire Fisher Cats : RHP Omar Torres
Batting: RHB Carlos Ballesteros 0-0: Called Strike
0-1: Called Strike
0-2: Ball
1-2: Ball
2-2: Strikes out swinging
Batting: SHB Brace Harper 0-0: Foul Ball, location: 2F
0-1: Ball
1-1: Foul Ball, location: 2F
1-2: Ground out 4-3 (Groundball, 4M, EV 96.2 MPH)
Batting: RHB Miguel Trevino 0-0: Foul Ball, location: 2F
0-1: Foul Ball, location: 2F
0-2: Ball
1-2: Ball
2-2: SINGLE (Groundball, 34D, EV 99.4 MPH)
Batting: RHB Alan Oxenrider 0-0: Ball
Miguel Trevino steals 2nd base
1-0: Ball
2-0: Called Strike
2-1: Ball
3-1: SINGLE (Groundball, 6D, EV 103.8 MPH)
Miguel Trevino to third
Runner from 3rd tries for Home, SAFE, throw by CF to home
Batting: LHB Mike Garland 0-0: Fielders Choice at 2nd, 5-4 (Groundball, 5L, EV 90.6 MPH)
Bottom of the 3rd over - 1 run, 2 hits, 0 errors, 1 left on base; New Hampshire 1 - Midland 1
TOP OF THE 4TH
New Hampshire Fisher Cats batting - Pitching for Midland RockHounds : RHP Juan Hurtado
Batting: RHB Finn Ross 0-0: Ball
1-0: Ball
2-0: Ground out 4-3 (Groundball, 4, EV 92.5 MPH)
Batting: RHB Darren McCarty Jr. 0-0: Called Strike
0-1: Ball
1-1: Ball
2-1: Ball
3-1: Ground out 5-3 (Groundball, 5D, EV 103.1 MPH)
Batting: SHB Tristan Dearing 0-0: Ball
1-0: Called Strike
1-1: Ball
2-1: Foul Ball, location: 2F
2-2: Strikes out swinging
Top of the 4th over - 0 runs, 0 hits, 0 errors, 0 left on base; New Hampshire 1 - Midland 1
BOTTOM OF THE 4TH
Midland RockHounds batting - Pitching for New Hampshire Fisher Cats : RHP Omar Torres
Batting: RHB Dusty Thompson 0-0: Hit by Pitch
Batting: LHB John Shults 0-0: DOUBLE (Flyball, 78D, EV 96.2 MPH)
Dusty Thompson to third
Runner from 3rd tries for Home, SAFE, no throw by CF
Batting: RHB Dave Glenn 0-0: Called Strike
0-1: DOUBLE (Line Drive, 9LM, EV 112.5 MPH)
John Shults scores
Batting: SHB Todd Hewitt 0-0: Called Strike
0-1: Ball
1-1: Ball
2-1: Swinging Strike
2-2: Strikes out swinging
Batting: RHB Carlos Ballesteros 0-0: Ball
Dave Glenn steals 3rd base
1-0: Called Strike
1-1: Swinging Strike
1-2: Ball
2-2: Foul Ball, location: 2F
2-2: Foul Ball, location: 2F
2-2: Ground out 5-3 (Groundball, 56, EV 96.2 MPH)
Dave Glenn scores
Batting: SHB Brace Harper 0-0: SINGLE (Groundball, 34D, EV 110.6 MPH)
Batting: RHB Miguel Trevino 0-0: Ball
Brace Harper steals 2nd base
1-0: Ball
2-0: Ball
3-0: Called Strike
3-1: Base on Balls
Batting: RHB Alan Oxenrider 0-0: Swinging Strike
0-1: Ball
1-1: Ball
2-1: Foul Ball, location: 2F
2-2: Ball
3-2: Base on Balls
Brace Harper to third
Miguel Trevino to second
Batting: LHB Mike Garland 0-0: Fielders Choice at 2nd, 6-4 (Groundball, 6, EV 81.9 MPH)
Bottom of the 4th over - 3 runs, 3 hits, 0 errors, 3 left on base; New Hampshire 1 - Midland 4
TOP OF THE 5TH
New Hampshire Fisher Cats batting - Pitching for Midland RockHounds : RHP Juan Hurtado
Batting: LHB Eddie Muniz 0-0: Ball
1-0: Foul Ball, location: 2F
1-1: Foul Ball, location: 2F
1-2: Fly out, F8 (Flyball, 89XD, EV 101.9 MPH)
Batting: LHB Sumiki Okuhara 0-0: Called Strike
0-1: Ball
1-1: Called Strike
1-2: Foul Ball, location: 2F
1-2: Foul Ball, location: 2F
1-2: Ball
2-2: Foul Ball, location: 2F
2-2: DOUBLE (Flyball, 78D, EV 114.4 MPH)
Batting: RHB Cyril Husson 0-0: Ball
1-0: Ball
2-0: Ball
3-0: Base on Balls
Batting: LHB Yoshinari Nara 0-0: Foul Ball, location: 2F
0-1: Foul Ball, location: 2F
0-2: Strikes out swinging
Batting: RHB Jordan Fairburn 0-0: Ball
1-0: Fly out, F8 (Flyball, 8LD, EV 106.9 MPH)
Top of the 5th over - 0 runs, 1 hit, 0 errors, 2 left on base; New Hampshire 1 - Midland 4
BOTTOM OF THE 5TH
Midland RockHounds batting - Pitching for New Hampshire Fisher Cats : RHP Omar Torres
Batting: RHB Dusty Thompson 0-0: Ball
1-0: Ball
2-0: Fly out, F8 (Flyball, 89D, EV 109.4 MPH)
Batting: LHB John Shults 0-0: Called Strike
0-1: Ball
1-1: Ball
2-1: Ball
3-1: Called Strike
3-2: SINGLE (Groundball, 6MD, EV 94.4 MPH)
Batting: RHB Dave Glenn 0-0: Ball
1-0: Foul Ball, location: 2F
1-1: Ball
2-1: Foul Ball, location: 2F
2-2: Foul Ball, location: 2F
2-2: Strikes out looking
Batting: SHB Todd Hewitt 0-0: Fielders Choice at 2nd, 6-4 (Groundball, 6, EV 91.9 MPH)
Bottom of the 5th over - 0 runs, 1 hit, 0 errors, 1 left on base; New Hampshire 1 - Midland 4
TOP OF THE 6TH
New Hampshire Fisher Cats batting - Pitching for Midland RockHounds : RHP Juan Hurtado
Batting: RHB Carlos Ramirez 0-0: Ball
1-0: Ball
2-0: Swinging Strike
2-1: Foul Ball, location: 2F
2-2: Foul Ball, location: 2F
2-2: Ground out 5-3 (Groundball, 56, EV 100.0 MPH)
Pitching: RHP Josh Hebert
Batting: RHB Finn Ross 0-0: DOUBLE (Flyball, 8LD, EV 94.4 MPH)
Batting: RHB Darren McCarty Jr. 0-0: Ball
1-0: Foul Ball, location: 2F
1-1: Foul Ball, location: 2F
1-2: Ball
2-2: Ball
3-2: Ground out 5-3 (Groundball, 56, EV 90.6 MPH)
Batting: SHB Tristan Dearing 0-0: Ball
1-0: Swinging Strike
1-1: Ball
2-1: Fly out, F5 (Popup, 56S, EV 86.9 MPH)
Top of the 6th over - 0 runs, 1 hit, 0 errors, 1 left on base; New Hampshire 1 - Midland 4
BOTTOM OF THE 6TH
Midland RockHounds batting - Pitching for New Hampshire Fisher Cats : RHP Omar Torres
Batting: RHB Carlos Ballesteros 0-0: Ball
1-0: Ball
2-0: Foul Ball, location: 2F
2-1: SINGLE (Groundball, 56S, EV 67.5 MPH) (infield hit)
Batting: SHB Brace Harper 0-0: Ball
Carlos Ballesteros is caught stealing 2nd base 2-6
1-0: Ball
2-0: Foul Ball, location: 2F
2-1: Ball
3-1: Base on Balls
Batting: RHB Miguel Trevino 0-0: Ball
1-0: Foul Ball, location: 2F
1-1: Called Strike
Brace Harper steals 2nd base
1-2: Foul Ball, location: 2F
1-2: Ball
2-2: Ball
3-2: Ground out 5-3 (Groundball, 5, EV 88.1 MPH)
Pitching: RHP Jordan Jacobo
Batting: RHB Alan Oxenrider 0-0: Called Strike
0-1: Ball
1-1: Fly out, F9 (Flyball, 9S, EV 91.2 MPH)
Bottom of the 6th over - 0 runs, 1 hit, 0 errors, 1 left on base; New Hampshire 1 - Midland 4
TOP OF THE 7TH
New Hampshire Fisher Cats batting - Pitching for Midland RockHounds : RHP Josh Hebert
Batting: LHB Eddie Muniz 0-0: Called Strike
0-1: Ball
1-1: Ball
2-1: SINGLE (Flyball, 9LS, EV 98.1 MPH)
Batting: LHB Sumiki Okuhara 0-0: Hit by Pitch
Eddie Muniz to second
Batting: RHB Cyril Husson 0-0: Bunt missed!
0-1: Ball
1-1: Bunted foul
1-2: Strikes out looking
Batting: LHB Yoshinari Nara 0-0: Ball
1-0: Called Strike
1-1: Ball
2-1: Swinging Strike
2-2: Ball
3-2: Fly out, F6 (Popup, 6M, EV 61.9 MPH)
Pinch Hitting: SHB Jack Andrews 0-0: Ball
1-0: Swinging Strike
1-1: Foul Ball, location: 2F
1-2: Strikes out swinging
Top of the 7th over - 0 runs, 1 hit, 0 errors, 2 left on base; New Hampshire 1 - Midland 4
BOTTOM OF THE 7TH
Midland RockHounds batting - Pitching for New Hampshire Fisher Cats : RHP Jordan Jacobo
Now at 2B: Cyril Husson
Now at 3B: Jack Andrews
Batting: LHB Mike Garland 0-0: Called Strike
0-1: Ball
1-1: Foul Ball, location: 2F
1-2: Ball
2-2: DOUBLE (Line Drive, 78XD, EV 108.1 MPH)
Batting: RHB Dusty Thompson 0-0: Swinging Strike
0-1: Foul Ball, location: 2F
0-2: Ball
1-2: Ball
2-2: Foul Ball, location: 2F
2-2: Strikes out swinging
Batting: LHB John Shults 0-0: Ball
1-0: Ball
2-0: Ground out 6-3 (Groundball, 6M, EV 106.9 MPH)
Mike Garland to third
Batting: RHB Dave Glenn 0-0: Foul Ball, location: 2F
0-1: Fly out, F9 (Flyball, 9LM, EV 87.5 MPH)
Bottom of the 7th over - 0 runs, 1 hit, 0 errors, 1 left on base; New Hampshire 1 - Midland 4
TOP OF THE 8TH
New Hampshire Fisher Cats batting - Pitching for Midland RockHounds : RHP Josh Hebert
Pitching: RHP Steve Friesner
Batting: RHB Carlos Ramirez 0-0: Swinging Strike
0-1: Ball
1-1: Foul Ball, location: 2F
1-2: Foul Ball, location: 2F
1-2: Foul Ball, location: 2F
1-2: Foul Ball, location: 2F
1-2: Strikes out swinging
Batting: RHB Finn Ross 0-0: Fly out, F9 (Line Drive, 9D, EV 110.0 MPH)
Batting: RHB Darren McCarty Jr. 0-0: Ball
1-0: Foul Ball, location: 2F
1-1: Ball
2-1: Ball
3-1: Base on Balls
Batting: SHB Tristan Dearing 0-0: Ball
1-0: SINGLE (Groundball, 34S, EV 65.0 MPH) (infield hit)
Darren McCarty Jr. to second
Batting: LHB Eddie Muniz 0-0: Ball
1-0: Ball
2-0: Called Strike
2-1: Ball
3-1: Foul Ball, location: 2F
3-2: Foul Ball, location: 2F
3-2: Strikes out swinging
Top of the 8th over - 0 runs, 1 hit, 0 errors, 2 left on base; New Hampshire 1 - Midland 4
BOTTOM OF THE 8TH
Midland RockHounds batting - Pitching for New Hampshire Fisher Cats : RHP Jordan Jacobo
Pitching: RHP Kirk Thacker
Batting: SHB Todd Hewitt 0-0: Foul Ball, location: 2F
0-1: DOUBLE (Line Drive, 5D, EV 103.8 MPH)
Batting: RHB Carlos Ballesteros 0-0: Called Strike
0-1: Bunted foul
0-2: Strikes out swinging
Batting: SHB Brace Harper 0-0: Ball
Todd Hewitt steals 3rd base
1-0: Swinging Strike
1-1: Swinging Strike
1-2: Foul Ball, location: 2F
1-2: Foul Ball, location: 2F
1-2: Ball
2-2: Strikes out swinging
Batting: RHB Miguel Trevino 0-0: Ball
1-0: Ball
2-0: Foul Ball, location: 2F
2-1: Called Strike
2-2: Ball
3-2: Foul Ball, location: 2F
3-2: Base on Balls
Batting: RHB Alan Oxenrider 0-0: Called Strike
0-1: Ball
1-1: Swinging Strike
1-2: Ball
2-2: Fly out, F7 (Flyball, 78S, EV 71.9 MPH)
Bottom of the 8th over - 0 runs, 1 hit, 0 errors, 2 left on base; New Hampshire 1 - Midland 4
TOP OF THE 9TH
New Hampshire Fisher Cats batting - Pitching for Midland RockHounds : RHP Steve Friesner
Pitching: RHP Dunlang Clark
Batting: LHB Sumiki Okuhara 0-0: Ball
1-0: Foul Ball, location: 2F
1-1: SINGLE (Groundball, 34D, EV 104.4 MPH)
Batting: RHB Cyril Husson 0-0: Called Strike
0-1: Ball
1-1: Foul Ball, location: 2F
1-2: Foul Ball, location: 2F
1-2: SINGLE (Groundball, 5D, EV 102.5 MPH)
Sumiki Okuhara to second
Batting: LHB Yoshinari Nara 0-0: Ball
1-0: Ball
2-0: Foul Ball, location: 2F
2-1: Ball
3-1: Base on Balls
Sumiki Okuhara to third
Cyril Husson to second
Batting: SHB Jack Andrews 0-0: Called Strike
0-1: Ball
1-1: Ball
2-1: Ball
3-1: Swinging Strike
3-2: Strikes out swinging
Pinch Hitting: LHB Jesus Romero 0-0: Ball
1-0: Fly out, F9 (Flyball, 89S, EV 94.4 MPH)
Batting: RHB Finn Ross 0-0: Called Strike
0-1: Ball
1-1: Ball
2-1: Fly out, F7 (Flyball, 7LS, EV 90.0 MPH)
Top of the 9th over - 0 runs, 2 hits, 0 errors, 3 left on base; New Hampshire 1 - Midland 4
Wednesday, June 22nd , 2022 - OOTP Baseball 23.4 Build 64